 Dungeon Crawl Stone Soup version 0.29-a0-330-g52719c12eb (webtiles) character file.

Game seed: 16725419391827227668

93 kae the Firebug (level 4, -3/25 HPs)
             Began as a Tengu Fire Elementalist on Apr 15, 2022.
             Slain by an orc
             ... wielding a +0 falchion
              (5 damage)
             ... on level 2 of the Dungeon.
             The game lasted 00:01:50 (2703 turns).

kae the Firebug (Tengu Fire Elementalist)           Turns: 2703, Time: 00:01:51

Health: -3/25      AC:  2    Str:  9    XL:     4   Next: 62%
Magic:  1/8        EV: 10    Int: 17    God:
Gold:   120        SH:  7    Dex: 14    Spells: 1/7 levels left

rFire   + . .      SeeInvis .   l - staff of earth
rCold   + . .      Faith    .   i - +0 kite shield
rNeg    . . .      Spirit   .   a - +0 robe
rPois   +          Reflect  .   (helmet restricted)
rElec   +          Harm     .   (no cloak)
rCorr   +          Rampage  .   (no gloves)
Will    .....                   (boots unavailable)
Stlth   ++........              (no amulet)
HPRegen 0.08/turn               (no ring)
MPRegen 0.11/turn               (no ring)

@: resistant
A: beak, talons 3
a: no special abilities


You were on level 2 of the Dungeon.
You visited 1 branch of the dungeon, and saw 3 of its levels.

You collected 120 gold pieces.

Inventory:

Hand Weapons
 c - a +0 quarterstaff
Armour
 a - a +0 robe (worn)
 h - the +1 chain mail of Sacoelup {rCorr}
   (You found it on level 2 of the Dungeon)

   rCorr:     It protects you from acid and corrosion.
 i - a +0 kite shield (worn)
Magical Staves
 l - a staff of earth (weapon)
Jewellery
 d - an amulet of faith
 k - a ring of protection from cold
Scrolls
 f - a scroll of fear
Potions
 b - a potion of magic
 e - a potion of cancellation


   Skills:
 + Level 1.4 Fighting
 + Level 0.3 Armour
 + Level 2.8 Dodging
 - Level 2.0 Stealth
 + Level 0.0 Shields
 + Level 2.4 Spellcasting
 + Level 2.3 Conjurations
 * Level 4.3 Fire Magic


You had one spell level left.
You knew the following spells:

 Your Spells              Type           Power      Damage    Failure   Level
a - Foxfire               Conj/Fire      52%        2x1d6     17%         1
b - Scorch                Fire           32%        2d6       17%         2
c - Conjure Flame         Conj/Fire      13%        6-21      45%         3

Your spell library contained the following spells:

 Spells                   Type           Power      Damage    Failure   Level
 Inner Flame              Hex/Fire       9%         N/A       63%         3
 Dazzling Flash           Conj/Hex       12%        N/A       77%         3
 Flame Wave               Conj/Fire      13%        2d6       86%         4
 Iskenderun's Mystic Bla  Conj/Tloc      6%         2d4       99%         4
 Starburst                Conj/Fire      6%         6d4       100%        6


Dungeon Overview and Level Annotations

Branches:
Dungeon (3/15)

Altars:

Shops:
D:2 (


Innate Abilities, Weirdness & Mutations

You have a beak for a mouth.
You have claws for feet.


Message History

The foxfire hits the orc but does no damage.
The orc is lightly wounded.
The orc barely misses you.
Casting: Foxfire (safe; 17% risk of failure)
Confirm with . or Enter, or press ? or * to list all spells.
You conjure some foxfire!
The orc hits you but does no damage.
The foxfire hits the orc but does no damage.
The orc is lightly wounded.
The foxfire hits the orc but does no damage.
The orc is lightly wounded.
You block the orc's attack.
Casting: Foxfire (safe; 17% risk of failure)
Confirm with . or Enter, or press ? or * to list all spells.
You conjure some foxfire!
The orc misses you.
The foxfire hits the orc but does no damage.
The orc is lightly wounded.
The foxfire hits the orc but does no damage.
The orc is lightly wounded.
The orc closely misses you.
Your magical contamination has completely faded away.
Casting: Foxfire (safe; 17% risk of failure)
Confirm with . or Enter, or press ? or * to list all spells.
You conjure some foxfire!
You block the orc's attack.
The foxfire hits the orc but does no damage.
The orc is lightly wounded.
The foxfire hits the orc but does no damage.
The orc is lightly wounded.
You block the orc's attack.
It was a potion of resistance.
You feel protected. The orc barely misses you.
It was a potion of curing.
You feel better. The orc barely misses you.
You hit the orc but do no damage.
The orc is lightly wounded.
The orc hits you with a +0 falchion!
* * * LOW HITPOINT WARNING * * *
You hit the orc. You claw the orc, but do no damage.
The orc is moderately wounded.
The orc hits you with a +0 falchion.
You die...

#..# #.....#
##.###.....############
#..##.................
##.##.###############.
#..#.##............#.
##.#........#.##.#.#.
#...##.###.#.##.#.#.
##.o#....#.#.#..#.#.
#.@####.#.#.#.##.#.
###.#....#.#.#....#.
#...#....#.#.######.
#.###..#.#.#........
#.#.#..#.#.#########
#.#....#.#.#
#.#.#....#.#
#.#......#.#
#.#....#.#.#


You could see an orc.

Vanquished Creatures
  A hound (D:2)
  An adder (D:2)
  2 dart slugs
  2 orcs (D:3)
  4 endoplasms
  5 giant cockroaches
  4 goblins
  7 hobgoblins
  A quokka (D:2)
  3 ball pythons
  5 bats
  3 frilled lizards
  3 kobolds
  6 rats
47 creatures vanquished.

Vanquished Creatures (others)
  141 foxfires
141 creatures vanquished.

Grand Total: 188 creatures vanquished

Notes
Turn   | Place    | Note
-------+----------+-------------------------------------------
     0 | D:1      | kae the Tengu Fire Elementalist began the quest for the
                  | Orb.
     0 | D:1      | Reached XP level 1. HP: 10/10 MP: 4/4
   231 | D:1      | Reached XP level 2. HP: 16/16 MP: 3/6
  1029 | D:1      | Found a faded altar of an unknown god.
  1210 | D:2      | Reached XP level 3. HP: 20/20 MP: 4/7
  1213 | D:2      | Reached skill level 1 in Fighting
  1216 | D:2      | Learned a level 2 spell: Scorch
  1220 | D:2      | Learned a level 3 spell: Conjure Flame
  1262 | D:2      | Reached skill level 4 in Fire Magic
  1478 | D:2      | Reached XP level 4. HP: 25/25 MP: 6/8
  1494 | D:2      | Found Rioro's Weapon Shoppe.
  1551 | D:2      | Identified the +1 chain mail of Sacoelup {rCorr}
  2692 | D:2      | HP: 1/25 [orc/+0 falchion (1)]
  2703 | D:2      | Slain by an orc

Illustrated notes

Levels and vault maps discovered:
D:1:      amcnicky_arrival_flooded_fountain, layout_loops_ring,
          shapermc_ecumenical_altar_mp_vishouse
D:2:      kennysheep_six_static_rooms, layout_basic, serial_shops, shop_statue,
          minivault_19
D:3:      layout_rooms

Skill      XL: |  1  2  3 |
---------------+----------+-----
Fighting       | 1 |  1.4
Conjurations   | 2 |  2.3
Fire Magic     | 4 |  4.3
Armour         | |  0.3
Dodging        | |  2.8
Stealth        | |  2.0
Spellcasting   | |  2.4

Action                   |  1- 3 |  4- 6 || total
-------------------------+-------+-------++-------
Melee: Quarterstaff      |     7 |     1 ||     8
       Staff             |       |     6 ||     6
       Kick              |       |     3 ||     3
 Cast: Foxfire           |    42 |    39 ||    81
       Scorch            |     2 |     3 ||     5
  Use: Scroll            |     1 |     3 ||     4
       Potion            |       |     2 ||     2
Armor: Robe              |       |     6 ||     6
Dodge: Dodged            |     4 |    11 ||    15
Block: Kite shield       |       |     6 ||     6

Table legend: (Time is in decaauts)
 A = Elapsed time spent in this place.
 B = Non-inter-level travel time spent in this place.
 C = Inter-level travel time spent in this place.
 D = Time resting spent in this place.
 E = Time spent auto-exploring this place.
 F = Levels seen in this place.
 G = Mean time per level.
                   A        B        C        D        E       F      G
               +--------+--------+--------+--------+--------+-----+--------+
         Total |   2708 |   2523 |    185 |      3 |   2177 |   3 |  902.7 |
       Dungeon |   2708 |   2523 |    185 |      3 |   2177 |   3 |  902.7 |
               +--------+--------+--------+--------+--------+-----+--------+

Top non-repeatable levels by time:
     D:2: 1457 daAuts
     D:1: 1226 daAuts
     D:3: 23 daAuts
